 Dungeon Crawl Stone Soup version 0.20.0-10-g0535bb4 (webtiles) character file.

7558 v77 the Basher (level 10, -8/91 HPs)
             Began as a Minotaur Berserker on June 5, 2017.
             Was a High Priest of Trog.
             Mangled by a large slime creature (23 damage)
             ... on level 9 of the Dungeon on June 6, 2017.
             The game lasted 01:00:20 (7518 turns).

v77 the Basher (Minotaur Berserker)                 Turns: 7518, Time: 01:00:21

Health: -8/91      AC: 24    Str: 24    XL:     10   Next: 96%
Magic:  18/18      EV:  9    Int:  5    God:    Trog [*****.]
Gold:   363        SH:  0    Dex: 10    Spells: 9/9 levels left

rFire    . . .     SeeInvis .   A - +2 great mace (protect)
rCold    . . .     Gourm    .   (shield currently unavailable)
rNeg     . . .     Faith    .   y - +0 plate armour
rPois    .         Spirit   .   (helmet restricted)
rElec    .         Reflect  .   g - +2 cloak
rCorr    .         Harm     .   (no gloves)
MR       .....                  (no boots)
Stlth    ..........             (no amulet)
Regen    0.3/turn               k - ring of magical power
MPRegen  0.2/turn               l - ring of wizardry

@: protection aura
A: retaliatory headbutt, horns 2
a: Berserk, Trog's Hand, Brothers in Arms, Burn Spellbooks, Renounce Religion


You were on level 9 of the Dungeon.
You worshipped Trog.
Trog was extremely pleased with you.
You were completely stuffed.

You visited 1 branch of the dungeon, and saw 9 of its levels.

You collected 363 gold pieces.

Inventory:

Hand Weapons
 A - a +2 great mace of protection (weapon)
Armour
 g - a +2 cloak (worn)
 y - a +0 plate armour (worn)
Jewellery
 k - a ring of magical power (left hand)
 l - a ring of wizardry (right hand)
 n - an uncursed ring of protection from cold {unknown}
Wands
 e - a wand of disintegration (14/24)
 j - a wand of acid (8/15)
Scrolls
 c - a scroll of fear
 i - a scroll of recharging
 o - 5 scrolls of teleportation
 p - a scroll of amnesia
 q - 3 scrolls of magic mapping
 r - 2 scrolls of immolation
 s - a scroll of enchant weapon
 v - a scroll of remove curse
 w - 2 scrolls of random uselessness
Potions
 a - a potion of heal wounds
 b - 3 potions of lignification
 u - a potion of cancellation
Comestibles
 d - 5 fruits
 f - 7 royal jellies
 h - 6 meat rations
 t - 5 bread rations


   Skills:
 + Level 9.1 Fighting
 + Level 13.0 Maces & Flails
   Level 4.8 Polearms
 + Level 8.4 Armour
 + Level 5.0 Dodging
 + Level 1.3 Stealth
   Level 7.1 Shields


You had 9 spell levels left.
You didn't know any spells.

Dungeon Overview and Level Annotations

Branches:
Dungeon (9/15)             Temple (0/1) D:5
   Lair: D:8-11         Orc: D:9-12

Altars:
Ashenzari
Elyvilon
Gozag
Hepliaklqana
Kikubaaqudgha
Nemelex Xobeh
Yredelemnul


Innate Abilities, Weirdness & Mutations

You reflexively headbutt those who attack you in melee.
You have a pair of horns on your head.


Message History

The large slime creature closely misses you.
You barely miss the large slime creature.
You headbutt the large slime creature.
The large slime creature is moderately wounded.
The large slime creature hits you but does no damage.
You hit the large slime creature.
The large slime creature is moderately wounded.
The large slime creature hits you!!
You bludgeon the large slime creature!!
The large slime creature is heavily wounded.
The large slime creature hits you!
* * * LOW HITPOINT WARNING * * *
You sock the large slime creature!
The large slime creature is severely wounded.
The large slime creature hits you.
* * * LOW HITPOINT WARNING * * *
Your plate armour prevents you from hitting the large slime creature.
The large slime creature is severely wounded.
The large slime creature hits you!!
You die...

#......# #......#
+......# #......#
#####'## #.# # #.#
#.#### #># #.J@.## #.#
####%.# #.#
######(#########'###
###.......##.........#
#.........#..........#
..#..................#
#.......##.........#
#.......##.........#
#.......##.........#


You could see a large slime creature.

Vanquished Creatures
  3 two-headed ogres (D:8)
  The ghost of marsu the Quickloader, a novice CeHu of Dithmenos (D:9)
  Pikel (D:6)
  The ghost of marsu the Carver, a novice VSFi of Ashenzari (D:6)
  A hippogriff (D:9)
  4 yaks (D:9)
  Sigmund (D:5)
  A wyvern (D:8)
  Eustachio (D:5)
  A black bear (D:8)
  2 orc warriors
  A sky beast (D:8)
  4 ice beasts
  A phantom (D:7)
  2 centaurs
  3 ogres
  Blork the orc (D:5)
  A bullfrog (D:8)
  2 elf skeletons (D:7)
  A scorpion (D:8)
  A wight (D:7)
  3 killer bees (D:8)
  3 howler monkeys
  2 crimson imps
  A bullfrog zombie (D:7)
  A quasit (D:8)
  A centaur zombie (D:6)
  3 hounds
  3 jellies
  8 orc wizards
  4 human zombies (D:7)
  2 human skeletons (D:7)
  4 iguanas
  5 worker ants
  Terence (D:3)
  A killer bee zombie (D:7)
  An ogre zombie (D:7)
  A hound skeleton (D:8)
  2 mummies (D:7)
  Robin (D:3)
  8 adders
  4 shadow imps
  An ooze (D:1)
  2 adder zombies
  An adder skeleton (D:7)
  2 worms (D:2)
  2 dart slugs
  7 leopard geckos
  28 orcs
  A bat zombie (D:6)
  3 giant cockroaches
  16 goblins
  5 hobgoblins
  18 jackals
  5 kobolds
  3 quokkas
  2 ball pythons
  7 bats
  7 frilled lizards
  A jackal zombie (D:5)
  A leopard gecko zombie (D:8)
  4 rats
  2 rat zombies (D:6)
  2 bushes (D:5)
  3 plants (D:5)
216 creatures vanquished.

Notes
Turn   | Place    | Note
-------+----------+-------------------------------------------
     0 | D:1      | v77 the Minotaur Berserker began the quest for the Orb.
     0 | D:1      | Reached XP level 1. HP: 19/19 MP: 0/0
   451 | D:1      | Reached XP level 2. HP: 27/27 MP: 1/1
   827 | D:2      | Reached XP level 3. HP: 33/33 MP: 2/2
   866 | D:2      | Found a sparkling altar of Nemelex Xobeh.
   918 | D:2      | Reached ** piety under Trog
  1529 | D:3      | Noticed Terence
  1530 | D:3      | Noticed Robin
  1559 | D:3      | Killed Robin
  1559 | D:3      | Reached XP level 4. HP: 27/41 MP: 3/3
  1572 | D:3      | Killed Terence
  1662 | D:3      | Reached skill level 5 in Fighting
  2240 | D:4      | Reached *** piety under Trog
  2240 | D:4      | Reached XP level 5. HP: 43/48 MP: 4/4
  2309 | D:4      | Reached skill level 1 in Maces & Flails
  2374 | D:4      | Reached skill level 1 in Shields
  2389 | D:4      | Reached skill level 2 in Maces & Flails
  2389 | D:4      | Reached XP level 6. HP: 27/56 MP: 5/5
  2728 | D:5      | Entered Level 5 of the Dungeon
  2744 | D:5      | Reached skill level 3 in Maces & Flails
  2992 | D:5      | Noticed Eustachio
  3037 | D:5      | Reached XP level 7. HP: 41/61 MP: 6/6
  3183 | D:5      | Noticed Blork the orc
  3190 | D:5      | Killed Blork the orc
  3190 | D:5      | Reached skill level 4 in Maces & Flails
  3198 | D:5      | Found an opulent altar of Gozag.
  3222 | D:5      | Found a staircase to the Ecumenical Temple.
  3369 | D:5      | Noticed Sigmund
  3384 | D:5      | Killed Sigmund
  3474 | D:5      | Killed Eustachio
  3474 | D:5      | Reached skill level 5 in Maces & Flails
  3474 | D:5      | Reached skill level 5 in Armour
  3618 | D:6      | Reached XP level 8. HP: 44/70 MP: 7/7
  3632 | D:6      | Reached **** piety under Trog
  3644 | D:6      | Noticed marsu's ghost (novice VSFi)
  3660 | D:6      | Killed marsu's ghost
  3660 | D:6      | Reached skill level 6 in Maces & Flails
  3660 | D:6      | Reached skill level 5 in Shields
  4254 | D:6      | Got a bloodstained scale mail
  4292 | D:6      | Noticed Pikel
  4309 | D:6      | Killed Pikel
  4309 | D:6      | Reached skill level 8 in Maces & Flails
  4309 | D:6      | Reached skill level 1 in Stealth
  4309 | D:6      | Reached XP level 9. HP: 66/78 MP: 8/8
  4324 | D:6      | Found an ancient bone altar of Kikubaaqudgha.
  4703 | D:7      | Found a white marble altar of Elyvilon.
  4703 | D:7      | Found a shattered altar of Ashenzari.
  5453 | D:7      | Reached skill level 9 in Maces & Flails
  5595 | D:7      | Found a basalt altar of Yredelemnul.
  5648 | D:7      | Reached ***** piety under Trog
  5892 | D:8      | Noticed a two-headed ogre
  5902 | D:8      | Killed a two-headed ogre
  5902 | D:8      | Reached skill level 10 in Maces & Flails
  5973 | D:8      | Received a gift from Trog
  5999 | D:8      | Noticed a two-headed ogre
  6005 | D:8      | Killed a two-headed ogre
  6005 | D:8      | Reached skill level 11 in Maces & Flails
  6005 | D:8      | Reached XP level 10. HP: 40/88 MP: 9/9
  6199 | D:8      | Found a hazy altar of Hepliaklqana.
  6523 | D:8      | Noticed a two-headed ogre
  6530 | D:8      | Killed a two-headed ogre
  6530 | D:8      | Reached skill level 12 in Maces & Flails
  6530 | D:8      | Reached skill level 5 in Dodging
  7239 | D:9      | Noticed marsu's ghost (novice CeHu)
  7254 | D:9      | Killed marsu's ghost
  7254 | D:9      | Reached skill level 13 in Maces & Flails
  7518 | D:9      | Mangled by a large slime creature

Skill      XL: |  1  2  3  4  5  6  7  8  9 10 |
---------------+-------------------------------+-----
Fighting       | 4 5 6 7 9 |  9.1
Polearms       | 4 |  4.8
Armour         | 3 4 5 6 8 |  8.4
Maces & Flails | 2 3 5 8 11 13 | 13.0
Shields        | 1 2 4 5 7 |  7.1
Dodging        | 3 4 5 |  5.0
Stealth        | 1 |  1.3

Action                   |  1- 3 |  4- 6 |  7- 9 | 10-12 || total
-------------------------+-------+-------+-------+-------++-------
Melee: Spear             |    85 |    23 |       |       ||   108
       Headbutt          |    11 |    66 |    82 |    33 ||   192
       Flail             |       |   241 |   317 |       ||   558
       Great mace        |       |       |    11 |   152 ||   163
  Use: Scroll            |     5 |     8 |     8 |     2 ||    23
       Potion            |     2 |     5 |     4 |     2 ||    13
 Stab: Sleeping          |     1 |       |       |       ||     1
  Eat: Bread ration      |     1 |     2 |     1 |     1 ||     5
       Fruit             |       |       |     5 |       ||     5
       Meat ration       |       |       |     1 |     1 ||     2
Armor: Ring mail         |     7 |     5 |       |       ||    12
       Animal skin       |     5 |       |       |       ||     5
       Chain mail        |       |   146 |   173 |    40 ||   359
       Plate armour      |       |       |       |    89 ||    89
Dodge: Dodged            |    48 |    77 |    99 |    76 ||   300
Block: Shield            |       |    85 |   165 |       ||   250
